 Dungeon Crawl Stone Soup version 0.17.2 (webtiles) character file.

42 Goblin1989 the Cudgeler (level 3, -1/29 HPs)
             Began as a Demonspawn Chaos Knight on July 19, 2016.
             Slain by an adder (3 damage)
             ... on level 2 of the Dungeon.
             The game lasted 00:03:49 (1723 turns).

Goblin1989 the Cudgeler (Demonspawn Chaos Knight)   Turns: 1723, Time: 00:03:49

Health: -1/29      AC:  5    Str: 15    XL:     3   Next: 35%
Magic:  3/3        EV:  8    Int: 13    God:    Xom [*.....]
Gold:   25         SH:  7    Dex: 12    Spells: 0 memorised, 2 levels left

rFire  . . .     SeeInvis .     j - +0 whip
rCold  . . .     Clarity  .     b - +2 leather armour
rNeg   . . .     SustAt   .     i - +0 shield
rPois  .         Gourm    .     (no helmet)
rElec  .         Spirit   .     (no cloak)
rCorr  .         Warding  .     (no gloves)
rMut   .         Stasis   .     (no boots)
MR     .....                    (no amulet)
Stlth  ++........               (no ring)
                                (no ring)

@: about to teleport, not resistant to hostile enchantments, unstealthy
A: breathe flames 1, nightstalker 1, strong 1, evolution 1
a: Renounce Religion, Breathe Fire


You were on level 2 of the Dungeon.
You worshipped Xom.
You were a special plaything of Xom.
You were hungry.

You visited 1 branch of the dungeon, and saw 2 of its levels.

You collected 25 gold pieces.

Inventory:

Hand Weapons
 j - a +0 whip (weapon)
Missiles
 g - a throwing net (quivered)
Armour
 b - a +2 leather armour (worn)
 i - a +0 shield (worn)
Jewellery
 l - an uncursed ring of magical power {unknown}
Scrolls
 a - a scroll of fog {unknown}
 d - 4 scrolls of remove curse {unknown}
 f - a scroll of fear {unknown}
 k - a scroll of amnesia {unknown}
 n - a scroll of random uselessness {unknown}
 o - a scroll of blinking {unknown}
Potions
 e - a potion of degeneration {unknown}
 m - a potion of brilliance {unknown}
 p - a potion of curing {unknown}
Comestibles
 c - 2 bread rations


   Skills:
 - Level 3.0 Fighting
 + Level 4.0 Maces & Flails
 - Level 1.7 Armour
 - Level 0.8 Dodging


You had 2 spell levels left.
You didn't know any spells.

Dungeon Overview and Level Annotations

Branches:
Dungeon (2/15)

Altars:
The Shining One


Innate Abilities, Weirdness & Mutations

You are slightly more attuned to the shadows.
You can breathe flames.
Your muscles are strong. (Str +2)
You evolve.


Message History

* * * LOW HITPOINT WARNING * * *
The gnoll hits you but does no damage.
Your crimson imp blinks!
You take 3 damage, and have 5/29 hp.
The adder barely misses you.
You closely miss the adder. The adder bites you.
* * * LOW HITPOINT WARNING * * *
The gnoll closely misses you.
You take 4 damage, and have 1/29 hp.
Things that are here:
a short sword; a kobold corpse You block the adder's attack.
Read which item? (? for menu, Esc to quit)
As you read the scroll labeled ACKOG RUUSS, it crumbles to dust.
You feel strangely unstable.
It was a scroll of teleportation.
You block the gnoll's attack. The adder barely misses you.
Your crimson imp blinks!
The adder bites you.
You die...
Xom cackles wildly!

####.............
#######...#.....#. .
########....)...... ..
########........... .#
########ยง..........##.#
######...)............#
######...............##
######gS.........#...##
.....#@g.............##
................#....##
................##.....
.........)......###..#.
................##.....
.......................
.........>.....#..###..
....######.#...(... ...#
#.....##..


You could see 2 gnolls and an adder.

Vanquished Creatures
  A gnoll (D:2)
  A giant gecko (D:1)
  4 bats
  4 giant cockroaches (D:1)
  8 goblins
  2 hobgoblins (D:1)
  A ball python (D:1)
  A giant newt (D:1)
  3 kobolds
  3 rats
28 creatures vanquished.

Notes
Turn   | Place    | Note
--------------------------------------------------------------
     0 | D:1      | Goblin1989 the Demonspawn Chaos Knight began the quest for the Orb.
     0 | D:1      | Reached XP level 1. HP: 18/18 MP: 1/1
    59 | D:1      | XOM: harmless Conj miscast
   218 | D:1      | XOM: harmless Pois miscast
   231 | D:1      | Gained mutation: You are slightly more attuned to the shadows. [demonic ancestry]
   231 | D:1      | Reached XP level 2. HP: 24/24 MP: 2/2
   621 | D:1      | XOM: divination: detect creatures
   879 | D:1      | Found a glowing golden altar of the Shining One.
  1003 | D:1      | XOM: harmless Air miscast
  1398 | D:2      | Reached XP level 3. HP: 29/29 MP: 3/3
  1414 | D:2      | XOM: harmless Erth miscast
  1554 | D:1      | XOM: harmless Hex miscast
  1576 | D:1      | XOM: harmless Erth miscast
  1586 | D:1      | XOM: god gift: lantern of shadows
  1680 | D:2      | XOM: give mutations
  1680 | D:2      | Gained mutation: You can breathe flames. [Xom's grace]
  1680 | D:2      | Gained mutation: You evolve. [Xom's grace]
  1680 | D:2      | Gained mutation: Your muscles are strong. (Str +2) [Xom's grace]
  1686 | D:2      | XOM: vitrification
  1696 | D:2      | XOM: swap monsters
  1711 | D:2      | Reached skill level 4 in Maces & Flails
  1711 | D:2      | XOM: summons friendly crimson imp
  1718 | D:2      | HP: 1/29 [adder (4)]
  1723 | D:2      | Slain by an adder

Action                   || total
-------------------------++-------
Melee: Mace              ||    28
       Whip              ||    89
  Use: Scroll            ||     1
 Stab: Distracted        ||     1
       Sleeping          ||     1
  Eat: Chunk             ||     2
